[ AOE2 MATCH · #493597335 ]
UnrankedMongols vs Sicilians
Player's team · LOSS
Rival team · WIN
[ REPLAY ANALYSIS · EXTRACTED FROM THE RECORDED GAME ]
Feudal
8:17
Castle
—
Imperial
—
| APM avg | 54.0 |
| APM peak | 83 |
| eAPM avg | 24.3 |
| Villagers / military | 17 / 0 |
Focus
⚔️ 15.4% · 🌾 84.6%
Feudal
8:41
Castle
—
Imperial
—
| APM avg | 76.5 |
| APM peak | 100 |
| eAPM avg | 28.8 |
| Villagers / military | 21 / 4 |
Focus
⚔️ 21.0% · 🌾 79.0%
Serjeant ×4
Match map
Initial resources + every placement click. Lines = walls · curves = elevation contours. ◆ gold · ⬟ stone · ● berries · ✦ relic · ◌ wall gap
Your base
009's base
Smoothed initial terrain · ◌ = detected wall gap · hover for details
Inputs per minute
— HellionBlue - - 009
Build order — HellionBlue
30 actions detected in the replay
| 0:01 | Create | Villager (Male) |
| 0:01 | Create | Villager (Male) |
| 0:02 | Build | House |
| 0:03 | Build | House |
| 0:04 | Create | Villager (Male) |
| 0:04 | Create | Villager (Male) |
| 1:24 | Create | Villager (Male) |
| 1:46 | Build | Lumber Camp |
| 2:04 | Create | Villager (Male) |
| 2:17 | Create | Villager (Male) |
| 2:18 | Create | Villager (Male) |
| 2:52 | Create | Villager (Male) |
| 3:16 | Build | House |
| 3:25 | Create | Villager (Male) |
| 3:45 | Create | Villager (Male) |
| 3:45 | Create | Villager (Male) |
| 4:03 | Create | Villager (Male) |
| 4:39 | Build | Mill |
| 4:42 | Create | Villager (Male) |
| 5:14 | Create | Villager (Male) |
| 6:08 | Research | Feudal Age |
| 6:26 | Build | House |
| 6:39 | Research | Loom |
| 6:39 | Create | Villager (Male) |
| 7:05 | Build | Barracks |
| 8:17 | Age | Feudal Age |
| 8:21 | Build | Watch Tower |
| 8:29 | Build | Stable |
| 8:32 | Research | Double-Bit Axe |
| 9:06 | Create | Villager (Male) |
Build order — 009
37 actions detected in the replay
| 0:01 | Create | Villager (Male) |
| 0:01 | Create | Villager (Male) |
| 0:03 | Build | House |
| 0:06 | Build | House |
| 0:18 | Create | Villager (Male) |
| 0:19 | Create | Villager (Male) |
| 1:31 | Create | Villager (Male) |
| 1:31 | Create | Villager (Male) |
| 2:03 | Create | Villager (Male) |
| 2:04 | Create | Villager (Male) |
| 2:04 | Create | Villager (Male) |
| 2:32 | Create | Villager (Male) |
| 2:32 | Create | Villager (Male) |
| 2:32 | Create | Villager (Male) |
| 2:36 | Build | Lumber Camp |
| 3:03 | Build | House |
| 3:09 | Create | Villager (Male) |
| 3:17 | Create | Villager (Male) |
| 3:17 | Create | Villager (Male) |
| 4:03 | Create | Villager (Male) |
| 4:03 | Create | Villager (Male) |
| 4:30 | Create | Villager (Male) |
| 4:31 | Create | Villager (Male) |
| 5:16 | Create | Villager (Male) |
| 5:16 | Research | Loom |
| 5:25 | Build | Mill |
| 6:31 | Research | Feudal Age |
| 6:31 | Research | Feudal Age |
| 7:10 | Build | House |
| 7:11 | Build | House |
| 7:58 | Build | Donjon |
| 8:18 | Create | Villager (Male) |
| 8:41 | Age | Feudal Age |
| 8:45 | Create | Serjeant |
| 8:46 | Create | Serjeant |
| 9:16 | Create | Serjeant |
| 9:17 | Create | Serjeant |
Match timeline
| 7:05 | HellionBlue · first_building Barracks |
| 7:58 | 009 · first_building Donjon |
| 8:17 | HellionBlue · age_up feudal |
| 8:29 | HellionBlue · first_building Stable |
| 8:41 | 009 · age_up feudal |
| 9:35 | HellionBlue · resign |
[ AI ANALYSIS · 1 CREDIT ]
What really happened in this match?
Wolo.gg analyzes every decision: build order, eco, micro, common mistakes by bracket. Personalized analysis on WhatsApp or Discord in 30 seconds.
Civ guide
Mongols
Perfil
HellionBlue